 Dungeon Crawl Stone Soup version 0.30.1-11-g7821555f0a (webtiles) character file.

Game seed: 15113548417996287077

68 Cheops the Cudgeller (level 4, -4/44 HPs)
             Began as an Ogre Gladiator on Dec 11, 2023.
             Slain by Sigmund
             ... wielding a +0 scythe of venom
              (9 damage)
             ... on level 2 of the Dungeon.
             The game lasted 00:02:27 (1032 turns).

Cheops the Cudgeller (Ogre Gladiator)               Turns: 1032, Time: 00:02:28

Health: -4/44      AC:  3    Str: 20    XL:     4   Next: 19%
Magic:  4/4        EV: 10    Int:  9    God:
Gold:   87         SH:  0    Dex: 10    Spells: 3/3 levels left

rFire   . . .        a - +0 flail
rCold   . . .        (no shield)
rNeg    . . .        b - +0 robe
rPois   .            c - +0 hat
rElec   .            (no cloak)
rCorr   .            (gloves unavailable)
SInv    .            (boots unavailable)
Will    .....        (no amulet)
Stlth   +            (no ring)
HPRegen 0.27/turn    (no ring)
MPRegen 0.09/turn

%: no passive effects
@: lethally poisoned (-4 -> -5)
A: large, unfitting armour, tough skin 1
a: no special abilities


You were on level 2 of the Dungeon.
You visited 1 branch of the dungeon, and saw 2 of its levels.

You collected 87 gold pieces.

Inventory:

Hand Weapons
 a - a +0 flail (weapon)
Missiles
 d - 3 throwing nets (quivered)
 e - a large rock
Armour
 b - a +0 robe (worn)
 c - a +0 hat (worn)
Scrolls
 g - a scroll of fear {unknown}
 h - 2 scrolls of poison {unknown}
 j - 2 scrolls of teleportation
 l - 2 scrolls of fog {unknown}
 m - a scroll of magic mapping {unknown}
 n - a scroll of amnesia
Potions
 f - 2 potions of lignification {unknown}
 i - a potion of curing {unknown}
 k - 2 potions of flight {unknown}
 o - a potion of heal wounds {unknown}
 p - a potion of ambrosia {unknown}


   Skills:
 - Level 2.6 Fighting
 + Level 4.4 Maces & Flails
 - Level 2.0 Throwing
 - Level 2.6 Dodging


You had 3 spell levels left.
You didn't know any spells.
Your spell library contained the following spells:

 Spells                   Type           Power      Damage    Failure   Level
 Lesser Beckoning         Tloc           0%         N/A       52%         2
 Sublimation of Blood     Necr           0%         N/A       52%         2
 Gell's Gravitas          Tloc           0%         N/A       77%         3
 Teleport Other           Tloc           0%         N/A       77%         3
 Petrify                  Tmut/Erth      0%         N/A       99%         4
 Irradiate                Conj/Tmut      0%         3d11      100%        5


Dungeon Overview and Level Annotations

Branches:
Dungeon (2/15)

Altars:

Annotations:
D:2 Sigmund


Innate Abilities, Weirdness & Mutations

You are too large for most types of armour.
You have tough skin. (AC +1)


Message History

Sigmund completely misses you.
You barely miss Sigmund.
Sigmund is moderately wounded.
You feel sick.
Sigmund points at you and mumbles some strange words.
The puff of flame misses you.
You closely miss Sigmund.
Sigmund is moderately wounded.
You feel sick.
Sigmund hits you with a +0 scythe of venom.
You are more poisoned.
You barely miss Sigmund.
Sigmund is moderately wounded.
You feel very sick. Sigmund gestures at you while chanting.
The magic dart hits you!
* * * LOW HITPOINT WARNING * * *
You sock Sigmund!
Sigmund is severely wounded.
You feel sick.
Sigmund says, "Now you see me, now you don't..."
Sigmund casts a spell at you. The puff of flame hits you!
* * * LOW HITPOINT WARNING * * *
You barely miss Sigmund.
Sigmund is severely wounded.
You feel sick.
Sigmund hits you with a +0 scythe of venom.
* * * LOW HITPOINT WARNING * * *
You closely miss Sigmund.
Sigmund is severely wounded.
You feel sick. Sigmund completely misses you.
You completely miss Sigmund.
Sigmund is heavily wounded.
You feel sick.
Sigmund casts a spell.
Sigmund flickers and vanishes!
Deactivating autopickup; reactivate with Ctrl-A.
You hit something.
You feel sick. Something hits you!
You die...

.......................
.....................##
.....................#
.......###...........#
.............#....###
.............#........
#######.......†#.....##.
...............#.....#
.....$.@.......#....##
......{.###.........#
#+#####.# ###........
#.. ...... #[. ..#...
.... ... ... .>.. ##...


There were no monsters in sight!

Vanquished Creatures
  3 adders (D:2)
  5 dart slugs (D:1)
  5 ball pythons
  An endoplasm (D:1)
  A giant cockroach (D:1)
  A goblin (D:1)
  2 hobgoblins (D:1)
  4 jackals (D:1)
  A quokka (D:1)
  2 bats
  2 frilled lizards (D:1)
  6 kobolds
  A rat (D:1)
34 creatures vanquished.

Notes
Turn   | Place    | Note
-------+----------+-------------------------------------------
     0 | D:1      | Cheops the Ogre Gladiator began the quest for the Orb.
     0 | D:1      | Reached XP level 1. HP: 22/22 MP: 1/1
    32 | D:1      | Reached skill level 3 in Maces & Flails
    45 | D:1      | Reached XP level 2. HP: 25/29 MP: 2/2
   367 | D:1      | Reached XP level 3. HP: 24/36 MP: 3/3
   526 | D:1      | Reached skill level 4 in Maces & Flails
   991 | D:2      | Reached XP level 4. HP: 42/44 MP: 4/4
  1017 | D:2      | Noticed Sigmund
  1032 | D:2      | Slain by Sigmund

Illustrated notes

Levels and vault maps discovered:
D:1:      ebering_trefoil_3fold, layout_loops_ring
D:2:      layout_basic, basic_altar, uniq_sigmund

Skill      XL: |  1  2  3 |
---------------+----------+-----
Maces & Flails | 3 4 |  4.4
Fighting       | |  2.6
Throwing       | |  2.0
Dodging        | |  2.6

Action                     |  1- 3 |  4- 6 || total
---------------------------+-------+-------++-------
  Melee: Flail             |    90 |    16 ||   106
    Use: Scroll            |     3 |       ||     3
 Armour: Robe              |    19 |     1 ||    20
  Dodge: Dodged            |    51 |    10 ||    61
